 Dungeon Crawl Stone Soup version 0.22-a0-609-gfedc9ff77b (webtiles) character file.

226 RedPan the Sneak (level 6, -2/36 HPs)
             Began as an Octopode Wizard on July 9, 2018.
             Slain by an orc
             ... wielding a +0 flail
              (6 damage)
             ... on level 3 of the Dungeon on July 10, 2018.
             The game lasted 00:10:10 (4104 turns).

RedPan the Sneak (Octopode Wizard)                  Turns: 4104, Time: 00:10:11

Health: -2/36      AC:  2    Str:  6    XL:     6   Next: 1%
Magic:  2/11       EV: 14    Int: 20    God:
Gold:   120        SH:  0    Dex: 13    Spells: 1/12 levels left

rFire    . . .     SeeInvis .   d - +1 dagger (speed)
rCold    . . .     Gourm    .   (no shield)
rNeg     . . .     Faith    .   a - +1 hat
rPois    .         Spirit   .   (no amulet)
rElec    .         Reflect  .   (no ring)
rCorr    .         Harm     .   (no ring)
MR       .....                  (no ring)
Stlth    +++.......             (no ring)
HPRegen  0.12/turn              (no ring)
MPRegen  0.12/turn              (no ring)
                                (no ring)
                                (no ring)

@: very slightly contaminated
A: almost no armour, stealthy swim, amphibious, 8 rings, constrict 8, camouflage
1, gelatinous body 1
a: no special abilities


You were on level 3 of the Dungeon.
You were hungry.

You visited 1 branch of the dungeon, and saw 3 of its levels.

You collected 120 gold pieces.

Inventory:

Hand Weapons
 d - a +1 dagger of speed (weapon)
Missiles
 e - 102 stones (quivered)
Armour
 a - a +1 hat (worn)
Scrolls
 f - a scroll of teleportation
 g - a scroll of enchant armour
 h - a scroll of identify
Potions
 b - 2 potions of flight
 i - a potion of curing
 j - a potion of agility
Comestibles
 c - 4 rations


   Skills:
 + Level 3.2 Dodging
 - Level 4.0 Stealth
 + Level 3.8 Spellcasting
 - Level 3.1 Conjurations
 + Level 1.6 Summonings
 + Level 1.7 Translocations


You had one spell level left.
You knew the following spells:

 Your Spells              Type           Power        Failure   Level  Hunger
a - Magic Dart            Conj           ###.         3%          1    None
b - Blink                 Tloc           N/A          10%         2    ##.....
c - Call Imp              Summ           ##......     10%         2    ##.....
d - Mephitic Cloud        Conj/Pois/Air  #.......     26%         3    ###....
e - Conjure Flame         Conj/Fire      ##......     21%         3    ###....

Your spell library contained the following spells:

 Spells                   Type           Power        Failure   Level  Hunger
 Slow                     Hex            #.......     21%         2    ##.....


Dungeon Overview and Level Annotations

Branches:
Dungeon (3/15)

Altars:
Ashenzari
Elyvilon
Makhleb


Innate Abilities, Weirdness & Mutations

You cannot wear most types of armour.
You are very stealthy in the water. (Stealth+)
You are amphibious.
You can wear up to eight rings at the same time.
You can use your tentacles to constrict eight enemies at once.
Your skin changes colour to match your surroundings (Stealth+).
Your rubbery body absorbs attacks. (AC +1, EV +1)


Message History

The orc hits you with a club.
* * * LOW HITPOINT WARNING * * *
Casting: Magic Dart (safe; 3% risk of failure)
Confirm with . or Enter, or press ? or * to list all spells.
Aiming: Magic Dart (safe; 3% risk of failure)
Press: ? - help, Shift-Dir - straight line, f/p - orc
Aim: an orc, wielding a club (heavily wounded)
The magic dart hits the orc.
You kill the orc!
Casting: Magic Dart (safe; 3% risk of failure)
Confirm with . or Enter, or press ? or * to list all spells.
Aiming: Magic Dart (safe; 3% risk of failure)
Press: ? - help, Shift-Dir - straight line, f - frilled lizard
Aim: a frilled lizard The magic dart hits the frilled lizard.
You kill the frilled lizard!
You closely miss the orc. You grab the orc.
You constrict the orc, but do no damage.
The orc hits you with a flail.
You die...

#.....# #
#.....# ..
#†#######.#
#.#.......#
#)#.....#
#.......#
#.......# #
#..######
.. #..o@.#
#.# #.###.#
.. #..o#.#
##.###o#(#
#.lso).#.#
###o####.#
#.. .# #..!
## #....


You could see an orc.

Vanquished Creatures
  An orc wizard (D:3)
  Natasha (thrice) (D:2)
  4 adders (D:2)
  An ooze (D:1)
  A dart slug (D:1)
  4 leopard geckos
  2 orcs (D:3)
  4 giant cockroaches
  13 goblins
  8 hobgoblins
  4 jackals (D:1)
  3 quokkas (D:2)
  7 bats
  9 frilled lizards
  5 kobolds
  9 rats
78 creatures vanquished.

Notes
Turn   | Place    | Note
-------+----------+-------------------------------------------
     0 | D:1      | RedPan the Octopode Wizard began the quest for the Orb.
     0 | D:1      | Reached XP level 1. HP: 11/11 MP: 4/4
   341 | D:1      | Reached XP level 2. HP: 15/17 MP: 6/6
  1184 | D:1      | You fall through a shaft!
  1297 | D:2      | Reached XP level 3. HP: 21/21 MP: 3/7
  1587 | D:1      | Reached skill level 3 in Stealth
  1660 | D:1      | Learned a level 2 spell: Blink
  1663 | D:1      | Learned a level 2 spell: Call Imp
  1667 | D:1      | Learned a level 3 spell: Mephitic Cloud
  2321 | D:1      | Reached XP level 4. HP: 27/27 MP: 6/9
  2699 | D:2      | Noticed Natasha
  2711 | D:2      | Killed Natasha
  2773 | D:2      | Found a shattered altar of Ashenzari.
  2773 | D:2      | Found a white marble altar of Elyvilon.
  2882 | D:2      | Noticed Natasha
  2903 | D:2      | Killed Natasha
  2903 | D:2      | Reached XP level 5. HP: 10/31 MP: 4/10
  3262 | D:2      | Noticed Natasha
  3266 | D:2      | Killed Natasha
  3538 | D:2      | Reached skill level 4 in Stealth
  3979 | D:2      | Learned a level 3 spell: Conjure Flame
  3979 | D:2      | Upgraded the game from 0.22-a0-608-g8a62e23f9f to 0.22-a0-609-gfedc9ff77b
  4076 | D:3      | Found a burning altar of Makhleb.
  4097 | D:3      | Reached XP level 6. HP: 6/36 MP: 6/11
  4104 | D:3      | Slain by an orc

Vault maps used:
D:1:      dpeg_arrival_morbid_curiosity, minmay_lizard_pond
D:2:      gammafunk_temple_overflow_wave, serial_bayou, serial_bayou_lake_a,
          serial_bayou_lagoon_b, serial_bayou_ford_a, serial_bayou_pond_e,
          uniq_natasha
D:3:      lemuel_round_altar, tgw_trog, first_ration

Skill      XL: |  1  2  3  4  5 |
---------------+----------------+-----
Conjurations   | 2 3 |  3.1
Stealth        | 3 4 |  4.0
Dodging        | 3 |  3.2
Spellcasting   | |  3.8
Summonings     | |  1.6
Translocations | |  1.7

Action                   |  1- 3 |  4- 6 || total
-------------------------+-------+-------++-------
Melee: Dagger            |    63 |    43 ||   106
       Constrict         |    13 |     7 ||    20
       Tentacles         |     6 |     3 ||     9
 Cast: Magic Dart        |    80 |    85 ||   165
  Use: Scroll            |       |     7 ||     7
  Eat: Chunk             |     4 |     5 ||     9
Armor: Skin              |    11 |     5 ||    16
Dodge: Dodged            |    32 |    15 ||    47

Table legend:
 A = Spawn XP
 B = Non-spawn XP
 C = Spawn XP percentage of total XP
 D = Spawn monster count
 E = Non-spawn monster count
 F = Spawn count percentage of total count
 G = Total turns spent on level
                    A         B        C        D         E        F      G
               +---------+---------+-------+---------+---------+-------+---------
         Total |       0 |     324 |   0.0 |       0 |      78 |   0.0 |  4104
               +---------+---------+-------+---------+---------+-------+---------
           D:1 |       0 |      61 |   0.0 |       0 |      35 |   0.0 |  2169
           D:2 |       0 |     211 |   0.0 |       0 |      36 |   0.0 |  1811
           D:3 |       0 |      52 |   0.0 |       0 |       7 |   0.0 |   124
               +---------+---------+-------+---------+---------+-------+---------
